 Dungeon Crawl Stone Soup version 0.28-a0-1518-gbe868bca14 (webtiles) character file.

Game seed: 5387192587169623983

8816 fragbeetle the Martial Artist (level 11, -7/94 HPs)
             Began as a Red Draconian Transmuter on Jan 16, 2022.
             Was a Believer of Ashenzari.
             Killed from afar by a purple draconian shifter (24 damage)
             ... with a bolt of dispelling energy
             ... on level 1 of the Abyss.
             The game lasted 00:30:18 (8692 turns).

fragbeetle the Martial Artist (DrTm)                Turns: 8692, Time: 00:30:19

Health: -7/94      AC: 12    Str: 12    XL:     11   Next: 14%
Magic:  17/17      EV: 14    Int: 20    God:    Ashenzari [**....]
Gold:   1285       SH:  7    Dex: 16    Spells: 6/18 levels left

rFire   + . .      SeeInvis +     - Unarmed
rCold   . . .      Faith    .   N - +2 buckler of Divine Wonder {rPois}
rNeg    . . .      Spirit   .   (armour unavailable)
rPois   +          Reflect  .   Q - +2 hat "Yoke of the Sphere" {Bglg, Melee} (curse)
rElec   .          Harm     .   J - +1 cloak
rCorr   +          Rampage  .   P - +0 pair of gloves
Will    .....                   (no boots)
Stlth   +.........              g - amulet "Gnostic Atheism" {Regen+, Elem, Self} (curse)
HPRegen 1.05/turn               j - ring of the Revealing Gnosis {rCorr, Comp, Fort} (curse)
MPRegen 0.15/turn               A - +6 ring of intelligence

@: no status effects
A: breathe fire, AC +7, unfitting armour, fire resistance 1, cold-blooded
a: Breathe Fire, Renounce Religion, Shatter the Chains


You were on level 1 of the Abyss.
You worshipped Ashenzari.
Ashenzari was pleased with you.
You visited 3 branches of the dungeon, and saw 11 of its levels.
You visited the Abyss 1 time.
You also visited: Bailey.

You collected 1285 gold pieces.

Inventory:

Hand Weapons
 s - a +0 hunting sling
 K - the +5 demon whip "Spellbinder" {antimagic, Will+}
   (You found it in a bailey)

   It reduces the magical energy of the wielder, and disrupts the spells and
   magical abilities of those it strikes.
   Natural abilities and divine invocations are not affected.
   It unleashes wild and unpredictable magical effects upon striking a wizard or
   a creature with magical abilities.
   Will:      It increases your willpower.
Missiles
 c - 14 boomerangs
 f - 31 poisoned darts
 h - 10 curare-tipped darts
 t - 82 sling bullets
 L - 4 atropa-tipped darts
 M - 4 datura-tipped darts
Armour
 J - a +1 cloak (worn)
 N - the +2 buckler of Divine Wonder (worn) {rPois}
   (You found it in a bailey)

   rPois:     It protects you from poison.
 P - a +0 pair of gloves (worn)
 Q - the cursed +2 hat "Yoke of the Sphere" (worn) {Bglg, Melee}
   (You found it on level 9 of the Dungeon)

   It has a curse which improves the following skills: Beguiling: Conjurations,
   Hexes and Translocations.
   Melee Combat: Short Blades, Long Blades, Axes, Maces & Flails, Polearms,
   Staves and Unarmed Combat.
Magical Staves
 b - a staff of fire
Jewellery
 e - an amulet of magic regeneration
 g - the cursed amulet "Gnostic Atheism" (around neck) {Regen+, Elem, Self}
   (You found it on level 1 of the Dungeon)

   [amulet of regeneration]

   Regen:     It increases your rate of health regeneration.
   It has a curse which improves the following skills: Elements: Fire Magic, Ice
   Magic, Air Magic and Earth Magic.
   Introspection: Fighting and Spellcasting.
 j - the cursed ring of the Revealing Gnosis (left hand) {rCorr, Comp, Fort}
   (You found it on level 1 of the Dungeon)

   [ring of resist corrosion]

   rCorr:     It protects you from acid and corrosion.
   It has a curse which improves the following skills: Companions: Summonings
   and Necromancy.
   Fortitude: Shields.
 m - a ring of positive energy
 A - a +6 ring of intelligence (right hand)
Wands
 H - a wand of iceblast (8)
 I - a wand of digging (5)
Scrolls
 i - a scroll of fog
 l - a scroll of summoning
 n - 7 scrolls of identify
 p - 3 scrolls of enchant weapon
 r - 2 scrolls of magic mapping
 u - 2 scrolls of vulnerability
 w - 2 scrolls of amnesia
 y - a scroll of silence
 B - 2 scrolls of blinking
 F - a scroll of fear
Potions
 a - 2 potions of might
 q - 3 potions of curing
 v - 2 potions of mutation
 x - 2 potions of brilliance
 z - a potion of lignification
 D - 2 potions of berserk rage
 E - a potion of haste
 G - a potion of ambrosia
 O - a potion of heal wounds


   Skills:
 + Level 7.0(8.2) Fighting
 + Level 5.9 Dodging
 + Level 2.8(3.9) Shields
 * Level 9.5(10.7) Unarmed Combat
 + Level 3.2(4.3) Spellcasting
 + Level 0.8(1.5) Conjurations
 + Level 7.5 Transmutations
 + Level 3.1(4.2) Fire Magic
 - Level 5.1(6.3) Ice Magic
 - Level 2.3(3.3) Earth Magic
 - Level 4.0 Poison Magic


You had 6 spell levels left.
You knew the following spells:

 Your Spells              Type           Power      Damage    Failure   Level
a - Beastly Appendage     Tmut           68%        N/A       1%          1
b - Spider Form           Tmut/Pois      27%        N/A       4%          3
c - Ice Form              Ice/Tmut       32%        N/A       9%          4
d - Sticky Flame          Conj/Fire      15%        2d4       43%         4

Your spell library contained the following spells:

 Spells                   Type           Power      Damage    Failure   Level
 Sting                    Tmut/Pois      100%       1d8       1%          1
 Wereblood                Tmut           34%        N/A       1%          2
 Ignite Poison            Fire/Tmut/Pois 25%        N/A       5%          3
 Poisonous Vapours        Pois/Air       24%        N/A       11%         2
 Conjure Flame            Conj/Fire      15%        6-21      14%         3
 Animate Skeleton         Necr           8%         N/A       16%         1
 Pain                     Necr           16%        1d4       16%         1
 Static Discharge         Conj/Air       7%         N/A       17%         2
 Sublimation of Blood     Necr           4%         N/A       22%         2
 Olgreb's Toxic Radiance  Pois           20%        N/A       30%         4
 Call Canine Familiar     Summ           4%         N/A       41%         3
 Portal Projectile        Hex/Tloc       8%         N/A       41%         3
 Vampiric Draining        Necr           4%         2d6       41%         3
 Leda's Liquefaction      Hex/Erth       5%         N/A       61%         4
 Dispel Undead            Necr           4%         3d7       83%         4
 Summon Hydra             Summ           2%         N/A       100%        7


Dungeon Overview and Level Annotations

Branches:
Dungeon (9/15)             Temple (1/1) D:4            Lair (1/6) D:9
    Orc (0/2) D:9          Bailey (visited)

Altars:
Ashenzari
Cheibriados
Dithmenos
Elyvilon
Fedhas
Gozag
Hepliaklqana
Kikubaaqudgha
Makhleb
Nemelex Xobeh
Okawaru
Qazlal
Ru
Sif Muna
Trog
Uskayaw
Vehumet
Wu Jian
Xom
Yredelemnul
Zin
The Shining One

Shops:
D:6 *

Annotations:
D:4 1 runed translucent door, Crazy Yiuf
D:6 2 transporters, AigisTheKnight's ghost, novice VSWr
Lair:1 Sonja


Innate Abilities, Weirdness & Mutations

You can breathe blasts of fire.
Your fiery red scales are hard. (AC +7)
You cannot fit into any form of body armour.
Your flesh is heat resistant. (rF+)
You are cold-blooded and may be slowed by cold attacks.


Message History

The tentacled starspawn blinks!
The tentacled starspawn bites you.
* * * LOW HITPOINT WARNING * * *
The tentacled starspawn closely misses you.
The purple draconian shifter breathes dispelling energy at you.
The bolt of dispelling energy misses you.
The tentacled starspawn bites you.
* * * LOW HITPOINT WARNING * * *
The tentacled starspawn barely misses you.
The purple draconian shifter gestures wildly while chanting.
The purple draconian shifter blinks!
Tentacles burst from the starspawn's body! 2 starspawn tentacles come into view.
The starspawn tentacle grabs you. The starspawn tentacle constricts you.
* * * LOW HITPOINT WARNING * * *
The starspawn tentacle's grasp on you weakens, but your attempt to escape fails.
The starspawn tentacle constricts you.
* * * LOW HITPOINT WARNING * * *
You escape the starspawn tentacle's grasp.
The purple draconian shifter gestures wildly while chanting.
The purple draconian shifter blinks!
The starspawn tentacle grabs you. The starspawn tentacle constricts you.
* * * LOW HITPOINT WARNING * * *
You escape the starspawn tentacle's grasp.
The starspawn tentacle grabs you. The starspawn tentacle constricts you.
* * * LOW HITPOINT WARNING * * *
The starspawn tentacle's grasp on you weakens, but your attempt to escape fails.
The tentacled starspawn bites you.
* * * LOW HITPOINT WARNING * * *
You block the tentacled starspawn's attack.
The starspawn tentacle constricts you.
The purple draconian shifter casts a spell at you.
You escape the starspawn tentacle's grasp.
You blink.
The starspawn tentacle barely misses you. x2
The purple draconian shifter gestures at you while chanting.
The tentacled starspawn blinks!
The purple draconian shifter breathes dispelling energy at you.
The bolt of dispelling energy hits you!!
You die...

,#..'.......... ... ...,,.
, , . .... .... ...., , ,.
, # .# ..........,.. § #
## ,#
###..#.#+############# '*
* #. ..#............#
,#.,..'........q...#. , ,
, *,* * ....#####..§##..##
# ., ...###.###...##+##*
.# . , ,
#.....#.....@X....... .#
..
,#...#.#.................,
. #. . .#############.##
** . ,, . ##* ,, ,,, ### .
* ,, ,. ,, , * . **, , , *
, # .. * , *, , , #.. , ,
* , . . ## , , # ##


You could see a purple draconian shifter (catching breath) and a tentacled
starspawn.

Vanquished Creatures
  A centaur warrior (D:9)
  A death yak (D:9)
  A cane toad (Lair:1)
  A rime drake (Lair:1)
  4 blink frogs (Lair:1)
  2 wyverns
  9 yaks
  A small abomination (Abyss:1)
  A basilisk (D:9)
  Eustachio (D:4)
  Menkaure (D:7)
  Edmund (D:4)
  3 water moccasins
  4 orc warriors
  A black bear (D:9)
  A necrophage (D:6)
  3 centaurs
  5 kobold brigands
  7 bullfrogs
  A gnoll sergeant (D:9)
  6 scorpions
  A water moccasin skeleton (D:5)
  15 wights
  5 howler monkeys
  2 hounds
  4 orc priests
  5 jellies
  2 bullfrog skeletons
  A centaur skeleton (D:7)
  7 iguanas
  9 orc wizards
  2 killer bee zombies
  A hound zombie (D:5)
  2 howler monkey zombies
  8 gnolls
  3 adders
  4 white imps
  An ufetubus (D:5)
  An adder skeleton (D:4)
  23 orcs
  6 bats
  6 endoplasms
  2 giant cockroaches
  4 goblins
  9 hobgoblins
  2 jackals (D:1)
  5 quokkas
  8 ball pythons
  4 frilled lizards
  15 kobolds
  8 rats
220 creatures vanquished.

Vanquished Creatures (others)
  A white imp (Abyss:1)
  A fungus (D:9)
  4 plants
  8 starspawn tentacles (Abyss:1)
14 creatures vanquished.

Grand Total: 234 creatures vanquished

Notes
Turn   | Place    | Note
-------+----------+-------------------------------------------
     0 | D:1      | fragbeetle the Draconian Transmuter began the quest for the
                  | Orb.
     0 | D:1      | Reached XP level 1. HP: 16/16 MP: 3/3
   318 | D:1      | Reached XP level 2. HP: 23/23 MP: 5/5
   621 | D:1      | Found a faded altar of an unknown god.
  1234 | D:2      | Reached XP level 3. HP: 29/29 MP: 4/6
  1241 | D:2      | Learned a level 3 spell: Spider Form
  1535 | D:2      | Reached XP level 4. HP: 36/36 MP: 5/7
  2254 | D:3      | Reached skill level 1 in Poison Magic
  2294 | D:3      | Reached skill level 4 in Unarmed Combat
  2294 | D:3      | Reached XP level 5. HP: 37/42 MP: 6/8
  2760 | D:4      | Noticed a centaur
  2766 | D:4      | Killed a centaur
  2767 | D:4      | Reached XP level 6. HP: 45/50 MP: 5/9
  2853 | D:4      | Noticed Edmund
  2916 | D:4      | Found a runed translucent door.
  2917 | D:4      | Noticed Crazy Yiuf
  3132 | D:4      | Found a staircase to the Ecumenical Temple.
  3139 | Temple   | Entered the Ecumenical Temple
  3531 | Temple   | Became a worshipper of Ashenzari the Shackled
  3602 | D:4      | Noticed Eustachio
  3633 | D:4      | Killed Eustachio
  3634 | D:4      | Your scales start taking on a fiery red colour.
  3634 | D:4      | Reached XP level 7. HP: 39/57 MP: 5/10
  3634 | D:4      | Gained mutation: Your flesh is heat resistant. (rF+) [Red
                  | Draconian growth]
  3639 | D:4      | Killed Edmund
  3640 | D:4      | Reached skill level 5 in Unarmed Combat
  4234 | D:5      | Entered Level 5 of the Dungeon
  4266 | D:5      | Reached skill level 5 in Transmutations
  4303 | D:5      | Learned a level 4 spell: Ice Form
  4614 | D:5      | Reached skill level 1 in Ice Magic
  4614 | D:5      | Reached XP level 8. HP: 56/66 MP: 11/11
  4872 | D:5      | Reached * piety under Ashenzari
  5059 | D:5      | Reached skill level 6 in Unarmed Combat
  5296 | D:6      | Found a transporter.
  5303 | D:6      | Found a transporter.
  5304 | D:6      | Noticed AigisTheKnight's ghost (novice VSWr)
  5691 | D:6      | Found a hazy altar of Hepliaklqana.
  5827 | D:6      | Found Imuxkugu's Overcharged Wands.
  5925 | D:6      | Noticed a queen bee
  6246 | D:7      | Reached XP level 9. HP: 9/75 MP: 10/12
  6319 | D:7      | Reached skill level 7 in Unarmed Combat
  6403 | D:7      | Noticed Menkaure
  6446 | D:7      | Killed Menkaure
  6447 | D:7      | Reached skill level 5 in Fighting
  7351 | D:8      | Identified the +5 ring mail of Qoloegua {Rampage *Slow
                  | Int+5}
  7506 | D:9      | Found a staircase to the Orcish Mines.
  7535 | D:9      | Reached skill level 8 in Unarmed Combat
  7541 | D:9      | Reached skill level 5 in Dodging
  7558 | D:9      | Noticed a centaur warrior
  7571 | D:9      | Killed a centaur warrior
  7572 | D:9      | Reached XP level 10. HP: 34/84 MP: 9/13
  7587 | D:9      | Found a flagged portal.
  7637 | Bailey   | Entered a bailey
  7688 | Bailey   | Reached skill level 5 in Ice Magic
  7743 | Bailey   | Found the +5 demon whip "Spellbinder" {antimagic, Will+}
  7805 | Bailey   | Identified the +2 buckler of Divine Wonder {rPois}
  7821 | Bailey   | Found a bloodstained altar of Trog.
  8094 | D:9      | Reached skill level 1 in Fire Magic
  8098 | D:9      | Reached skill level 1 in Shields
  8101 | D:9      | Reached skill level 1 in Earth Magic
  8122 | D:9      | Learned a level 4 spell: Sticky Flame
  8360 | D:9      | Noticed a death yak
  8388 | D:9      | Killed a death yak
  8389 | D:9      | Reached skill level 9 in Unarmed Combat
  8411 | D:9      | Found a staircase to the Lair.
  8428 | Lair:1   | Entered Level 1 of the Lair of Beasts
  8428 | Lair:1   | Noticed a cane toad
  8434 | Lair:1   | Killed a cane toad
  8459 | Lair:1   | Reached XP level 11. HP: 54/93 MP: 11/16
  8464 | Lair:1   | Reached ** piety under Ashenzari
  8520 | Lair:1   | Noticed Sonja
  8546 | Lair:1   | Identified the cursed +2 hat "Yoke of the Sphere" {Bglg,
                  | Melee} (You found it on level 9 of the Dungeon)
  8585 | Lair:1   | Cast into level 1 of the Abyss (Sonja)
  8624 | Abyss:1  | Noticed a purple draconian shifter
  8662 | Abyss:1  | Noticed a tentacled starspawn
  8692 | Abyss:1  | Killed from afar by a purple draconian shifter

Illustrated notes

Levels and vault maps discovered:
D:1:      ncdulo_smallfort, layout_basic, hellmonk_ecumenical_altar_heavens_door
D:2:      wad_woods_settlement, layout_basic
D:3:      layout_basic
D:4:      layout_loops_ring, minmay_temple_entry_nine_rooms, serial_park_tiny_2,
          uniq_eustachio, uniq_crazy_yiuf_cottage, uniq_edmund
D:5:      layout_gridville
D:6:      layout_loops_ring, lemuel_coloured_pillars_altar,
          gammafunk_ghost_hive, kennysheep_flooded_box,
          nicolae_shop_overcharged_wands
D:7:      layout_rooms, minmay_crystal_water, hangedman_minor_gate_pass,
          uniq_menkaure
D:8:      layout_rooms, hangedman_decor_opposing
D:9:      layout_loops_ring, david_lair_generic, minmay_orc_entry_temple_large,
          enter_bailey_2
Temple:   mainiacjoe_temple_trianglar_array
Lair:1:   layout_cave_pods, nicolae_volcano_entry_lava_flow, minivault_23,
          lemuel_fruit_tree, infiniplex_staircase_pool_2, uniq_sonja
Abyss:1:  base:
D:5

Skill      XL: |  1  2  3  4  5  6  7  8  9 10 11 |
---------------+----------------------------------+-----
Dodging        | 2 3 4 5 |  5.9
Fighting       | 2 3 4 5 6 7 |  7.0
Transmutations | 3 4 5 6 7 |  7.5
Poison Magic   | 1 2 3 4 |  4.0
Unarmed Combat | 4 5 6 8 9 |  9.5
Ice Magic      | 1 3 4 5 |  5.1
Fire Magic     | 2 3 |  3.1
Shields        | 2 |  2.8
Earth Magic    | 2 |  2.3
Spellcasting   | 3 |  3.2
Conjurations   | |  0.8

Action                   |  1- 3 |  4- 6 |  7- 9 | 10-12 || total
-------------------------+-------+-------+-------+-------++-------
Melee: Unarmed           |    85 |   108 |   349 |   145 ||   687
       Kick              |    19 |    29 |    46 |       ||    94
       Tailslap          |     8 |    10 |    17 |       ||    35
       Headbutt          |    13 |    19 |    38 |       ||    70
       Punch             |     1 |     3 |     6 |       ||    10
 Cast: Beastly Appendage |    30 |    23 |    26 |       ||    79
       Spider Form       |       |     3 |     7 |       ||    10
       Ice Form          |       |       |    12 |    13 ||    25
Invok: Curse Item        |       |       |     2 |     1 ||     3
 Abil: Breathe Fire      |       |       |     1 |       ||     1
       End Transformatio |       |       |       |     1 ||     1
  Use: Potion            |       |       |       |     2 ||     2
       Scroll            |       |       |       |     1 ||     1
 Stab: Sleeping          |     2 |     1 |       |       ||     3
Armor: Skin              |    25 |    31 |    61 |    36 ||   153
Dodge: Dodged            |    44 |    63 |   236 |    92 ||   435
Block: Buckler           |       |       |       |     1 ||     1

Table legend: (Time is in decaauts)
 A = Elapsed time spent in this place.
 B = Non-inter-level travel time spent in this place.
 C = Inter-level travel time spent in this place.
 D = Time resting spent in this place.
 E = Time spent auto-exploring this place.
 F = Levels seen in this place.
 G = Mean time per level.
                   A        B        C        D        E       F      G
               +--------+--------+--------+--------+--------+-----+--------+
         Total |   8628 |   8340 |    288 |    216 |   4995 |  13 |  663.7 |
       Dungeon |   7690 |   7402 |    288 |    209 |   4845 |   9 |  854.4 |
        Temple |    438 |    438 |      0 |      0 |    150 |   1 |  438.0 |
          Lair |    157 |    157 |      0 |      2 |      0 |   1 |  157.0 |
         Abyss |    106 |    106 |      0 |      0 |      0 |   1 |  106.0 |
        Bailey |    235 |    235 |      0 |      5 |      0 |   1 |  235.0 |
               +--------+--------+--------+--------+--------+-----+--------+

Top non-repeatable levels by time:
     D:2: 1102 daAuts
     D:1: 1091 daAuts
     D:5: 1016 daAuts
     D:4: 995 daAuts
     D:7: 887 daAuts
     D:6: 798 daAuts
     D:9: 697 daAuts
     D:3: 594 daAuts
     D:8: 507 daAuts
  Temple: 438 daAuts
  Bailey: 235 daAuts
  Lair:1: 157 daAuts
 Abyss:1: 106 daAuts
